[Event "Late-Titled-Tuesday-Blitz-February-20-2024"]
[Site "Chess.com"]
[Date "2024.02.20"]
[Round "4"]
[White "gshwbedhkhd"]
[Black "czasnaszachy"]
[Result "1/2-1/2"]
[WhiteElo "2608"]
[BlackElo "2416"]
[TimeControl "180+1"]
[EndTime "14:39:13 PST"]
[Termination "Game drawn - insufficient material"]

1. f4 d5 2. Nf3 g6 3. g3 Bg7 4. Bg2 Nf6 5. O-O O-O 6. d3 b5 7. Qe1 Bb7 8. Na3 a6 9. c3 c5 10.
Nc2 Nbd7 11. a4 Qb6 12. Kh1 Ne8 13. e4 c4 14. Be3 Qc7 15. Nb4 dxe4 16. dxe4 Bxe4 17.
axb5 axb5 18. Rxa8 Bxa8 19. Nd4 Bxg2+ 20. Kxg2 Nd6 21.
g4 Nc5 22. f5 Nd3 23. Nxd3 cxd3 24. Qd2 Qb7+ 25. Kh3 gxf5 26. gxf5 Qe4 27. Rf4 Qh1 28. Qxd3 Be5 29. Rg4+ Kh8 30. Qe2 Rg8 31. Rxg8+ Kxg8 32. Nf3 Bf6 33. Nd2 Qd5 34. Qg4+ Kh8 35. Nf3 Nxf5 36.
Bg5 Bxg5 37. Nxg5 Qd3+ 38. Nf3 Qf1+ 39. Qg2 Qxg2+ 40. Kxg2 Ne3+ 41. Kf2 Nd1+ 42. Ke2 Nxb2 43. Nd4 Na4 44. Nxb5 Kg7 45. c4 f5 46. Kd3 e5 47.
Nd6 Kf6 48. Nb7 e4+ 49. Kd4 Kg5 50. c5 Kf4 51. c6 Nb6 52. Kc5 Nc8 53. Nd6 Ne7 54.
Nc4 e3 55. Kd6 e2 56. Kxe7 e1=Q+ 57. Kd7 Qd1+ 58. Nd6 Qa4 59. Nb7 Kg4 60. Kd6 Qa3+ 61. Kd7 Qd3+ 62. Nd6 f4 63. c7 Qa6 64. c8=Q Qxc8+ 65.
Kxc8 f3 66. Ne4 Kh3 67. Kd7 Kxh2 68. Ke6 h5 69. Kf5 h4 70. Kg4 Kg2 71. Kxh4 f2 72. Nxf2 1/2-1/2

[Event "Late-Titled-Tuesday-Blitz-February-20-2024"]
[Site "Chess.com"]
[Date "2024.02.20"]
[Round "4"]
[White "morte-negra"]
[Black "Eesha-Karavade"]
[Result "0-1"]
[WhiteElo "2024"]
[BlackElo "2416"]
[TimeControl "180+1"]
[EndTime "14:39:13 PST"]
[Termination "Eesha-Karavade won on time"]

1. e4 c5 2. Nf3 d6 3. d4 cxd4 4.
Nxd4 Nf6 5. Nc3 a6 6. Rg1 h5 7. h3 e5 8. Nb3 Be7 9. g4 hxg4 10.
hxg4 Be6 11. g5 Nh5 12. Be3 Nd7 13. Nd5 g6 14. Nxe7 Qxe7 15. Qd2 Rc8 16. O-O-O Nc5 17. Nxc5 dxc5 18. Kb1 c4 19. Qc3 Qc7 20. Be2 b5 21. f4 b4 22. Qxb4 Nxf4 23. Bxf4 exf4 24. Qc3 Rh3 25. Qf6 c3 26. Bxa6 Rb8 27. b3 Qe7 28. Rh1 Qxf6 29. gxf6 Rb6 30. Bd3 Bg4 31. Rdg1 Rxh1 32.
Rxh1 Rxf6 33. Rf1 f3 34. Rf2 Bh3 35. a4 Bg2 36. Ka2 Rc6 37. Ka3 Ke7 38. b4 Kd6 39. b5 Rc8 40. Kb4 g5 41. Bf1 Bxf1 42. Rxf1 g4 43. a5 Ke5 44. b6 Kxe4 45. b7 Rh8 46. a6 g3 47. a7 g2 48. Re1+ Kf5 49. a8=Q f2 0-1

[Event "Late-Titled-Tuesday-Blitz-February-20-2024"]
[Site "Chess.com"]
[Date "2024.02.20"]
[Round "4"]
[White "jinxy2009"]
[Black "dolynachess"]
[Result "0-1"]
[WhiteElo "2186"]
[BlackElo "2444"]
[TimeControl "180+1"]
[EndTime "14:39:13 PST"]
[Termination "dolynachess won on time"]

1. e4 c5 2. Nf3 d6 3. d4 cxd4 4. Nxd4 Nf6 5. Nc3 g6 6. Be3 Nc6 7. f3 h5 8. Qd2 Nxd4 9. Qxd4 Bg7 10. Qd2 O-O 11. O-O-O Be6 12. Kb1 Qc7 13. Be2 Rfc8 14. h4 Qa5 15. g4 Rxc3 16. Qxc3 Qxa2+ 17. Kc1 Qa1+ 18. Kd2 Nxe4+ 19. fxe4 Bxc3+ 20. bxc3 Qa4 21. gxh5 gxh5 22. Rhg1+ Kh8 23. Rg5 Bg4 24. Bxg4 hxg4 25. Rxg4 Rg8 26. Rdg1 Rxg4 27. Rxg4 f6 28. h5 Qc4 29. h6 a5 30. Bd4 a4 31. Rg7 Qe6 32. Rg1 b5 33. Rb1 Qc4 34. Rb4 Qc6 35. Ke3 Kh7 36. Rb1 Kxh6 37. Rh1+ Kg6 38. Rg1+ Kf7 39.
Rh1 Ke6 40. Rb1 Qc4 41. Ra1 Kd7 42. Rb1 Kc6 43. Rb4 Qg8 44. Kd3 Qg3+ 45. Kd2 Qg2+ 46. Kd3 Qf3+ 47. Be3 e6 48. c4 Qf1+ 49. Kc3 bxc4 0-1

[Event "Late-Titled-Tuesday-Blitz-February-20-2024"]
[Site "Chess.com"]
[Date "2024.02.20"]
[Round "4"]
[White "ContrVersia"]
[Black "mishanick"]
[Result "1-0"]
[WhiteElo "2871"]
[BlackElo "3001"]
[TimeControl "180+1"]
[EndTime "14:39:14 PST"]
[Termination "ContrVersia won on time"]

1. Nf3 d5 2. c4 e6 3. g3 Nf6 4. b3 Be7 5. Bg2 O-O 6. O-O d4 7. e3 c5 8. exd4 cxd4 9. Bb2 Nc6 10. Re1 Re8 11. Na3 Bf8 12. Nc2 e5 13. d3 Bf5 14. b4 Qc7 15. b5 Nb4 16. Nxb4 Bxb4 17.
Re2 Nd7 18. Ng5 Nc5 19. Bd5 Bg6 20. Ne4 Bh5 21. f3 Bxf3 22. Nf6+ gxf6 23. Bxf3 f5 24. Bd5 Qd6 25. a3 Ba5 26. Qc2 e4 27. Bxd4 Nxd3 28. Rf1 Bb6 29. Bxb6 Qxb6+ 30. Kh1 Re5 31. g4 Rae8 32.
gxf5 Qf6 33. Bxb7 Rxf5 34. Rg2+ Kf8 35. Rxf5 Qxf5 36. Qe2 Qf4 37. Bd5 Re5 38. h3 h5 39.
a4 Qc1+ 40. Rg1 Qf4 41. Rg2 Qc1+ 42. Rg1 Qf4 43. Rf1 Qg3 44. Qg2 Qxg2+ 45. Kxg2 Ke7 46. Rxf7+ Kd6 47. Kf1 e3 48. Bf3 Kc5 49. Rc7+ Kb4 50.
Rxa7 Nf4 51. Be2 1-0

[Event "Late-Titled-Tuesday-Blitz-February-20-2024"]
[Site "Chess.com"]
[Date "2024.02.20"]
[Round "4"]
[White "MaestroCheck"]
[Black "Mops_2004"]
[Result "0-1"]
[WhiteElo "2549"]
[BlackElo "2774"]
[TimeControl "180+1"]
[EndTime "14:39:16 PST"]
[Termination "Mops_2004 won by checkmate"]

1. e4 g6 2. d4 Bg7 3. Nc3 d6 4. Be3 a6 5. Qd2 b5 6. Nf3 Bb7 7. Bd3 Nd7 8. h4 Ngf6 9. e5 Ng4 10. e6 fxe6 11. Ng5 Nf8 12. h5 h6 13. Nf3 Nxe3 14. fxe3 g5 15. e4 c5 16. Qe3 g4 17. dxc5 gxf3 18. gxf3 dxc5 19. Qxc5 Bd4 20. Qb4 Qd6 21. Qb3 Qg3+ 22. Kd2 Qf4+ 23. Ke1 Qxf3 24. Rf1 Qg3+ 25. Kd1 Rd8 26. Nxb5 Qg4+ 27. Kc1 axb5 28. Qxb5+ Rd7 29. a4 Qg5+ 30. Qxg5 hxg5 31. a5 Rxh5 32.
a6 Bc6 33. e5 g4 34. c3 Be3+ 35. Kc2 g3 36. Rfe1 Bf2 37. Rf1 Rh2 38. Kb3 Rxd3 39.
a7 Rd8 40. Ra6 Bd5+ 41. c4 Bb7 42. Ra2 Nd7 43. Kb4 Bc5+ 44. Kb5 g2 45. Rd1 Rh1 46.
Rxd7 Kxd7 47. Kxc5 g1=Q+ 48. Kb5 Bc6+ 49. Ka6 Qxa7+ 50.
Kxa7 Ra8+ 51. Kb6 Rxa2 52. b4 Rc1 53. c5 Rb2 54. Ka5 Ra1+ 55. Kb6 Rxb4# 0-1

[Event "Late-Titled-Tuesday-Blitz-February-20-2024"]
[Site "Chess.com"]
[Date "2024.02.20"]
[Round "4"]
[White "Hui_Li_Macau"]
[Black "akanga001"]
[Result "0-1"]
[WhiteElo "2343"]
[BlackElo "2036"]
[TimeControl "180+1"]
[EndTime "14:39:16 PST"]
[Termination "akanga001 won on time"]

1. e4 e6 2. d4 d5 3. Nd2 Be7 4. Bd3 Nf6 5. e5 Nfd7 6. c3 c5 7. Ne2 Nc6 8. O-O a5 9. f4 cxd4 10.
cxd4 Qb6 11. Nf3 O-O 12. Kh1 f6 13. Nc3 Qd8 14. Be3 Nb6 15. b3 Bd7 16. exf6 Bxf6 17. Ne5 Be8 18. Qg4 Qe7 19. Rae1 Nb4 20. Bb1 Rc8 21.
Bd2 Nc6 22. Be3 Nb4 23. Bd2 Nc6 24. Ne2 h5 25. Qg3 Bxe5 26. fxe5 Bf7 27. Qg5 Qxg5 28. Bxg5 a4 29. b4 Rfe8 30. Bd2 Nc4 31. Bc1 a3 32. Nc3 Nxb4 33. Nb5 Rc6 34. Nxa3 Nxa3 35.
Bxa3 Nc2 36. Bxc2 Rxc2 37. Bd6 Rxa2 38. h3 Bg6 39. Rc1 Be4 40. Rg1 Rea8 41. Rc7 Rd2 42.
Rxb7 Raa2 0-1

[Event "Late-Titled-Tuesday-Blitz-February-20-2024"]
[Site "Chess.com"]
[Date "2024.02.20"]
[Round "4"]
[White "a_kandil"]
[Black "larsmandreassen"]
[Result "1-0"]
[WhiteElo "2428"]
[BlackElo "2183"]
[TimeControl "180+1"]
[EndTime "14:39:19 PST"]
[Termination "a_kandil won on time"]

1. e4 d5 2. exd5 Nf6 3. Bb5+ Nbd7 4. Nc3 a6 5. Be2 b5 6. a3 Bb7 7. Nf3 Nxd5 8. Nxd5 Bxd5 9. d4 e6 10. O-O Be7 11. Bf4 O-O 12. b3 c5 13. c4 bxc4 14. bxc4 Bc6 15. d5 exd5 16. cxd5 Bb5 17. d6 Bf6 18. Rc1 Re8 19. Bd3 Qa5 20. Bxb5 axb5 21. Qd3 c4 22. Qf5 Ra7 23. Be3 Rb7 24. Qd5 Reb8 25. Rxc4 Qxa3 26. Rc7 Qa6 27. Rfc1 g6 28.
h3 Kg7 29. R1c6 Qa1+ 30. Rc1 Qa6 31. Rxb7 Qxb7 32. Qxb7 Rxb7 33. Rc7 Rb8 34. Rxd7 b4 35. Ba7 Rb5 36. Bd4 b3 37. Bxf6+ Kxf6 38. Nd2 b2 39.
Kh2 b1=Q 40. Nxb1 Rxb1 41. Kg3 Rd1 42. Kf4 Ke6 43. Re7+ Kf6 44. Rd7 Ke6 45. Rd8 Rxd6 46. Rxd6+ Kxd6 47. Kg5 h5 48. Kf6 1-0

[Event "Late-Titled-Tuesday-Blitz-February-20-2024"]
[Site "Chess.com"]
[Date "2024.02.20"]
[Round "4"]
[White "prime-morty"]
[Black "ckgchess"]
[Result "0-1"]
[WhiteElo "2562"]
[BlackElo "2882"]
[TimeControl "180+1"]
[EndTime "14:39:21 PST"]
[Termination "ckgchess won by checkmate"]

1. c4 g6 2. Nc3 Bg7 3. g3 Nf6 4.
Bg2 O-O 5. e4 c5 6. Nge2 Nc6 7. a3 d6 8. Rb1 a5 9. O-O Nd4 10. d3 Ne8 11. b4 axb4 12. axb4 b6 13. e5 Nxe2+ 14. Nxe2 Ra2 15. exd6 exd6 16. Nf4 Nc7 17.
Qb3 Ra6 18. Bb2 Ne6 19. Nxe6 Bxe6 20. Bxg7 Kxg7 21. Qb2+ Qf6 22. Qxf6+ Kxf6 23. Ra1 Rxa1 24.
Rxa1 cxb4 25. Rb1 Ke5 26. Rxb4 Rb8 27. Kf1 Kd4 28. Ke2 Bf5 29. Be4 Bxe4 30. dxe4 Kxe4 31. c5+ Kd5 32. cxb6 Kc6 33. Rf4 f5 34. g4 fxg4 35. Rxg4 Rxb6 36. Rh4 h5 37. Rf4 d5 38. Rf8 Kc5 39. Ke3 Rb3+ 40. Kf4 Rh3 41. Kg5 Rxh2 42. Kxg6 d4 43. f4 d3 44. Rd8 Kc4 45. f5 h4 46. f6 Rg2+ 47. Kh5 Rf2 48. Kg6 h3 49. f7 h2 50. Rh8 d2 51. Rxh2 Rxh2 52. f8=Q Rg2+ 53.
Kh6 d1=Q 54. Qf7+ Qd5 55. Qf1+ Kc5 56. Qc1+ Kd4 57. Qf4+ Kd3 58. Kh7 Qe4+ 59. Qxe4+ Kxe4 60. Kh6 Kf5 61. Kh7 Kf6 62. Kh8 Kf7 63. Kh7 Rh2# 0-1

[Event "Late-Titled-Tuesday-Blitz-February-20-2024"]
[Site "Chess.com"]
[Date "2024.02.20"]
[Round "4"]
[White "Sanan_Sjugirov"]
[Black "Casper"]
[Result "1/2-1/2"]
[WhiteElo "2868"]
[BlackElo "2568"]
[TimeControl "180+1"]
[EndTime "14:39:22 PST"]
[Termination "Game drawn by repetition"]

1. d4 d5 2. Nf3 Nf6 3. Bf4 Nh5 4. Bg5 h6 5. Bh4 g5 6. Bg3 Bg7 7. e3 Nc6 8. Nbd2 O-O 9. c3 Bf5 10. Be2 Nxg3 11. hxg3 Qd6 12. Nb3 a5 13. Bd3 Bxd3 14.
Qxd3 a4 15. Nbd2 f5 16. a3 e5 17. dxe5 Nxe5 18. Nxe5 Qxe5 19. O-O c6 20. Rad1 b5 21. Nf3 Qe4 22. Qd2 Rae8 23. Nd4 Bxd4 24. cxd4 Rf6 25.
Rc1 Ref8 26. Rc3 f4 27. exf4 gxf4 28. Re1 Qf5 29. gxf4 Qxf4 30. Rg3+ Kh8 31. Qxf4 Rxf4 32. Re6 R8f6 33. Rg6 Rxg6 34. Rxg6 Rxd4 35. Rxh6+ Kg7 36.
Rxc6 Rd2 37. Rc5 Rxb2 38. Rxd5 b4 39. axb4 a3 40. Ra5 a2 41. Kh2 Rxf2 42. b5 Rb2 43.
b6 Rxb6 44. Rxa2 Rh6+ 45. Kg1 Rb6 46. g3 Kg6 47. Kg2 Kg5 48. Ra5+ Kg4 49. Ra4+ Kg5 50. Rd4 Ra6 51. Kf3 Ra3+ 52. Kg2 Ra6 53. Rh4 Ra1 54. Rh8 Rb1 55. Rg8+ Kf5 56. Rf8+ Kg4 57. Rf4+ Kg5 58. Rf2 Ra1 59. Rd2 Rb1 60. Rd3 Ra1 61. Rd5+ Kg4 62. Rd4+ Kg5 63. Kf3 Rf1+ 64. Ke3 Re1+ 65.
Kf2 Ra1 66. g4 Ra3 67. Kg2 Rb3 68. Re4 Ra3 69. Rd4 Rb3 70. Re4 Ra3 71. Rd4 1/2-1/2

[Event "Late-Titled-Tuesday-Blitz-February-20-2024"]
[Site "Chess.com"]
[Date "2024.02.20"]
[Round "4"]
[White "Alphafischer2019"]
[Black "Tunahan_Makaraci"]
[Result "1-0"]
[WhiteElo "2673"]
[BlackElo "2517"]
[TimeControl "180+1"]
[EndTime "14:39:22 PST"]
[Termination "Alphafischer2019 won on time"]

1. Nf3 d5 2. g3 Nf6 3. Bg2 g6 4. c4 c6 5. b3 Bg7 6. Bb2 O-O 7.
O-O Bg4 8. Ne5 Bf5 9. d3 Nbd7 10. Nd2 Nxe5 11. Bxe5 dxc4 12. bxc4 Qd7 13. Qb3 Bh3 14.
Rab1 b6 15. Nf3 Bxg2 16. Kxg2 Rfd8 17. a4 Qf5 18. Qb2 h5 19. Qa1 g5 20. a5 h4 21.
Qc3 h3+ 22. Kh1 g4 23. Nh4 Qe6 24. axb6 axb6 25. Rxb6 Ra2 26. Re1 Nd5 27. cxd5 Qxd5+ 28. Kg1 Bxe5 29. Qxc6 Qa5 30. Rbb1 Bd4 31. Qe4 Qg5 32. Nf5 Bc5 33. d4 e6 34. dxc5 Qxf5 35. Qxf5 exf5 36. Rbc1 Rc8 37. Red1 Rxe2 38. c6 Re7 39. Kf1 Rec7 40. Rd6 Kf8 41. Rc5 Ke7 42. Rh6 f6 43. Rh7+ Ke6 44.
Rxc7 Rxc7 45. Ke2 Kd6 46. Rxf5 Ke6 47. Rc5 Kd6 48. Rc1 Ke5 49. Ke3 f5 50. Rc5+ Kd6 51.
Rxf5 Kxc6 52. Kf4 1-0

[Event "Late-Titled-Tuesday-Blitz-February-20-2024"]
[Site "Chess.com"]
[Date "2024.02.20"]
[Round "4"]
[White "sergiochess83"]
[Black "adiosabu"]
[Result "1-0"]
[WhiteElo "2910"]
[BlackElo "2562"]
[TimeControl "180+1"]
[EndTime "14:39:24 PST"]
[Termination "sergiochess83 won by resignation"]

1. d4 Nf6 2. c4 d6 3. Nf3 Nbd7 4.
Nc3 e5 5. e4 Be7 6. Be2 O-O 7.
O-O c6 8. Re1 a6 9. a3 b5 10.
Qc2 Bb7 11. h3 Re8 12. b4 exd4 13. Nxd4 Ne5 14. cxb5 axb5 15. Nf5 Bf8 16. Bg5 h6 17. Bh4 g6 18. Ne3 Bg7 19. Qb3 Qb6 20. Rad1 Re6 21. Bf1 Nh5 22. f3 Nc4 23. Bf2 Rxa3 24. Nxc4 Rxb3 25. Nxb6 Rxc3 26. Ra1 Rc2 27. Ra7 Re7 28.
Be3 Ng3 29. Nc8 Rd7 30. Nb6 Rc7 31. Bd3 Rc3 32. Rd1 Rb3 33. Kf2 Nh5 34. g4 Nf6 35.
Na8 Re7 36. Nb6 Ne8 37. Rc1 Rxb4 38. Rxc6 Rb2+ 39. Rc2 Rxc2+ 40. Bxc2 Rc7 41. Bd3 Bc6 42. Rxc7 Nxc7 43. Ke2 Ne6 44. Nd5 Nd4+ 45. Bxd4 Bxd5 46. Bxg7 Bc4 47. Bxh6 Be6 48. Bd2 Bd7 49. Bb4 d5 50. Ke3 dxe4 51. Bxe4 f5 52. Bd3 fxg4 53. hxg4 Kf7 54.
Kf4 Kf6 55. Be4 g5+ 56. Ke3 Ke5 57. Bc3+ Ke6 58. Kd4 Kd6 59. Bd2 Be6 60. Bxg5 1-0

[Event "Late-Titled-Tuesday-Blitz-February-20-2024"]
[Site "Chess.com"]
[Date "2024.02.20"]
[Round "4"]
[White "SocoLoco"]
[Black "ArchibaldCerveza29"]
[Result "1-0"]
[WhiteElo "2205"]
[BlackElo "2441"]
[TimeControl "180+1"]
[EndTime "14:39:25 PST"]
[Termination "SocoLoco won by checkmate"]

1. e4 e5 2. d4 d6 3. dxe5 dxe5 4. Qxd8+ Kxd8 5. f4 Nc6 6. fxe5 Nxe5 7. Nf3 Bd6 8.
Nc3 Bg4 9. Be2 Ne7 10. Nxe5 Bxe2 11. Nxf7+ Kd7 12. Nxd6 Ba6 13. Ndb5 c6 14. Nd4 Rhf8 15.
Be3 c5 16. Ndb5 Kc6 17. a4 Rfd8 18. Rf1 Ng6 19. Rf7 Rd7 20. Rd1 Rad8 21. Rdxd7 Rxd7 22. Rxd7 Kxd7 23. Kf2 Bxb5 24. Nxb5 a6 25. Nc3 Kd6 26. Nd5 Ne5 27. b3 Ng4+ 28. Kf3 Nxh2+ 29. Ke2 Ng4 30.
Bf4+ Kc6 31. Kf3 Nf6 32. Nxf6 gxf6 33. Kg4 Kd7 34. Kf5 Ke7 35. Bc7 b5 36. axb5 axb5 37.
Bb6 c4 38. Bc5+ Kf7 39. Bd4 cxb3 40. cxb3 h6 41. Bxf6 h5 42. e5 b4 43. e6+ Ke8 44.
Kg6 h4 45. Bxh4 Kf8 46. Kf5 Ke8 47. Ke5 Kf8 48. Kd5 Ke8 49. Kc4 Kf8 50. Kxb4 Ke8 51.
Kc5 Kf8 52. Kd6 Ke8 53. b4 Kf8 54. b5 Ke8 55. b6 Kf8 56. b7 Kg7 57. b8=Q Kg6 58.
e7 Kh5 59. Qh8+ Kg4 60. Bf6 Kf5 61. e8=Q Kg4 62. Qh4+ Kf5 63. Qe5+ Kg6 64. Qhg5+ Kf7 65.
Qe7# 1-0

[Event "Late-Titled-Tuesday-Blitz-February-20-2024"]
[Site "Chess.com"]
[Date "2024.02.20"]
[Round "4"]
[White "Charodej1"]
[Black "IsaqueGoncalvesSanto"]
[Result "1-0"]
[WhiteElo "2229"]
[BlackElo "1785"]
[TimeControl "180+1"]
[EndTime "14:39:26 PST"]
[Termination "Charodej1 won on time"]

1. e4 e6 2. d4 d5 3. e5 c5 4.
c3 Nc6 5. Nf3 Qb6 6. Be2 Bd7 7.
dxc5 Bxc5 8. O-O a5 9. Nbd2 Qc7 10. Nb3 Ba7 11. Bf4 Nge7 12. Bb5 Ng6 13. Bg3 O-O 14. Qe2 Nce7 15. Bd3 Qb6 16. Nbd4 f5 17. exf6 Rxf6 18. Ne5 Be8 19. Rae1 Bf7 20. Kh1 Rf8 21. Nd7 Qd8 22.
Nxf6+ gxf6 23. Nxe6 Bxe6 24. Qxe6+ Kg7 25. Bd6 Rf7 26.
Ba3 Bb8 27. Qg4 Qc7 28. g3 f5 29. Qd4+ Kg8 30. f4 h5 31. Re6 h4 32. Rfe1 hxg3 33. hxg3 Rh7+ 34. Kg2 b5 35. Bxe7 Nxe7 36. Bxb5 Ba7 37.
Qd2 d4 38. Be2 Qd7 39. Bf3 Nd5 40. Re8+ Kf7 41. Qxd4 Nxf4+ 42. Qxf4 Qxe8 43. Rxe8 Kxe8 44.
Qxf5 Re7 45. Qc8+ Kf7 46. Bd5+ Kf6 47. Qc6+ Kg7 48. Bf3 Be3 49. Qd5 Bh6 50. Qd4+ Kf8 51. Qg4 Bg7 52. Qf5+ Ke8 53. Bc6+ Kd8 54. Qd5+ Kc7 55.
Bb5 Re2+ 56. Bxe2 1-0

[Event "Late-Titled-Tuesday-Blitz-February-20-2024"]
[Site "Chess.com"]
[Date "2024.02.20"]
[Round "4"]
[White "a-z30"]
[Black "midedu"]
[Result "1/2-1/2"]
[WhiteElo "2397"]
[BlackElo "2007"]
[TimeControl "180+1"]
[EndTime "14:39:34 PST"]
[Termination "Game drawn - insufficient material"]

1. d3 Nf6 2. Nf3 b6 3. g3 Bb7 4. Bg2 e6 5. O-O Be7 6. e4 O-O 7. c4 d6 8. Nc3 Nbd7 9. Re1 a6 10. d4 c5 11. d5 e5 12. a4 Ne8 13. Be3 Bf6 14. h4 Nc7 15. Nh2 Bc8 16. Ng4 Be7 17. Qd2 b5 18. axb5 Rb8 19. Bf1 axb5 20. cxb5 Nb6 21. Nh2 f5 22. exf5 Bxf5 23. Ra7 Rf7 24. Bd3 g6 25. Bxf5 gxf5 26. Bg5 Bxg5 27. Qxg5+ Qxg5 28. hxg5 Ncxd5 29. Rea1 Nc7 30. Nf3 Kg7 31. Nh4 f4 32.
gxf4 exf4 33. Ne4 Nxb5 34. Nf5+ Kg6 35. Rxf7 Kxf7 36. Nfxd6+ Nxd6 37. Nxd6+ Kg6 38. Ne4 c4 39. Ra6 Kf5 40. Nd6+ Kxg5 41. Kg2 f3+ 42. Kxf3 h5 43. Ra5+ Kg6 44. Rb5 Nd7 45. Rxb8 Nxb8 46. Nxc4 Nc6 47. Kg3 Kg5 48. Nd2 h4+ 49. Kh3 Kh5 50. Kg2 Nb4 51. Nf3 Kg4 52. Ne5+ Kf4 53. Nc4 Kg4 54. f3+ Kf4 55.
Nd2 Nd3 56. Kh3 Nxb2 57. Kxh4 Nd3 58. Kh3 Ne5 59. Kg2 Nxf3 1/2-1/2

[Event "Late-Titled-Tuesday-Blitz-February-20-2024"]
[Site "Chess.com"]
[Date "2024.02.20"]
[Round "4"]
[White "vugarrasulov"]
[Black "Hikaru"]
[Result "1-0"]
[WhiteElo "2946"]
[BlackElo "3234"]
[TimeControl "180+1"]
[EndTime "14:39:35 PST"]
[Termination "vugarrasulov won by resignation"]

1. e4 a6 2. a3 e6 3. d4 d5 4. Nc3 dxe4 5. Nxe4 Nd7 6. g3 Ngf6 7. Nxf6+ Nxf6 8.
Bg2 c5 9. Nf3 cxd4 10. Qxd4 Qxd4 11. Nxd4 Bc5 12. Nb3 Bb6 13. a4 Nd5 14. a5 Ba7 15. Bxd5 exd5 16. Be3 Bb8 17. O-O-O Be6 18. Nc5 Bc7 19.
b4 O-O-O 20. Bd4 Rhg8 21. Rhe1 Bg4 22. Rd3 f6 23. Rc3 Rde8 24. Rce3 Rxe3 25. Rxe3 Bd6 26. f3 Bh3 27. f4 h5 28. Kb2 Bf5 29. Kb3 Kb8 30. c4 dxc4+ 31. Kxc4 h4 32. Ne4 Bc7 33.
Bc5 Re8 34. Nc3 Rxe3 35. Bxe3 Kc8 36. gxh4 Kd7 37. Nd5 Be6 38. Kd4 Bd6 39. Bd2 Kc6 40. Nb6 Kb5 41. Nd5 Kc6 42. Nb6 Bf7 43. Na4 Be7 44. Nc5 f5 45. Ke5 g6 46. Be1 Ba2 47. h5 gxh5 48. Kxf5 Bd6 49. Bd2 Bxc5 50. bxc5 Kxc5 51.
Kg6 Kd6 52. Kxh5 Ke7 53. Kg6 Bf7+ 54. Kg7 Bh5 55. f5 Bf7 56. Bb4+ Ke8 57. h4 Bh5 58. Kf6 Bg4 59. Kg6 Bd1 60. h5 Bb3 61. h6 Bg8 62. Kg7 1-0

[Event "Late-Titled-Tuesday-Blitz-February-20-2024"]
[Site "Chess.com"]
[Date "2024.02.20"]
[Round "4"]
[White "KorolDimitriy75"]
[Black "TemploVillamarin"]
[Result "1-0"]
[WhiteElo "2421"]
[BlackElo "2165"]
[TimeControl "180+1"]
[EndTime "14:39:36 PST"]
[Termination "KorolDimitriy75 won by resignation"]

1. d4 f5 2. c4 e6 3. Nf3 Nf6 4. g3 b6 5. Bg2 Bb7 6. O-O Be7 7. Nc3 O-O 8. b3 Qe8 9. Bb2 Qh5 10. d5 exd5 11.
Nxd5 Nxd5 12. cxd5 f4 13. Rc1 fxg3 14. hxg3 Na6 15. e4 Rac8 16. Nd4 Qxd1 17. Rfxd1 Bf6 18. Bh3 Nc5 19. Rc2 Ba6 20. Bg2 Bd3 21. Rcd2 Bxe4 22. b4 Bxg2 23. Kxg2 Ne4 24. Rd3 Bxd4 25. Bxd4 Nd6 26.
Rc1 Nb5 27. Be5 d6 28. Bf4 a5 29. a4 Na7 30. b5 h6 31. Rdc3 g5 32. Be3 Rf7 33.
Bxb6 Ra8 34. Bxc7 Nc8 35. b6 Nxb6 36. Bxb6 Rb8 37. Be3 Rb2 38. Rc8+ Kg7 39. R1c7 Rxc7 40. Rxc7+ Kg6 41. Rc6 Kf5 42. Rxd6 Ke5 43. Rxh6 Kxd5 44. Rh5 Kc4 45. Rxg5 Kd3 46. Rxa5 Ke2 47. Rf5 Kd3 48. a5 Ke4 49. Rf4+ Ke5 50. Bb6 Ra2 51. Rf3 Ke4 52.
g4 Ke5 53. g5 Ke6 54. g6 Ra4 55. g7 Rg4+ 56. Rg3 Rxg7 57. Rxg7 Kf6 58. Rg3 1-0

[Event "Late-Titled-Tuesday-Blitz-February-20-2024"]
[Site "Chess.com"]
[Date "2024.02.20"]
[Round "4"]
[White "wild3000"]
[Black "martinmena"]
[Result "0-1"]
[WhiteElo "2390"]
[BlackElo "2193"]
[TimeControl "180+1"]
[EndTime "14:39:36 PST"]
[Termination "martinmena won by checkmate"]

1. d4 d5 2. c4 e6 3. Nc3 Nf6 4. Nf3 Be7 5. g3 O-O 6. Bg2 dxc4 7. O-O c5 8. Bf4 Nc6 9. e3 Nd5 10. Nxd5 exd5 11. h4 Be6 12. Bg5 Bg4 13. dxc5 Bxg5 14.
hxg5 Ne5 15. Re1 Rc8 16. Rc1 Nd3 17. Qd2 Nxe1 18. Nxe1 Qxg5 19. Bxd5 Rfd8 20. Rxc4 Rxd5 21. Rxg4 Rxd2 22. Rxg5 Rxb2 23. Nf3 Rxa2 24. Nd4 Ra5 25. Rd5 Raxc5 26. Rd7 R5c7 27. Rd6 a5 28. Nb5 Rc6 29. Rd7 a4 30. Rxb7 Ra6 31. Na3 g6 32. Rb2 Rd8 33.
Ra2 Rd3 34. Kf1 Rb3 35. Ke2 Rab6 36. Nc4 R6b4 37. Nd2 Rb2 38. Ra3 R4b3 39. Rxa4 Rc3 40. Rd4 Rcc2 41. g4 h5 42. gxh5 gxh5 43. Ke1 Rc1+ 44. Ke2 Rcc2 45. Ke1 Kg7 46. f4 Kg6 47. Rd5 h4 48. Rg5+ Kh6 49. Rg2 h3 50. Rh2 Rxd2 51.
Rxh3+ Kg6 52. Rg3+ Kf5 53. Rg5+ Ke4 54. Re5+ Kf3 55. Rg5 Re2+ 56. Kd1 Rb1# 0-1

[Event "Late-Titled-Tuesday-Blitz-February-20-2024"]
[Site "Chess.com"]
[Date "2024.02.20"]
[Round "4"]
[White "Grischuk"]
[Black "IlyaGrigorjev"]
[Result "1-0"]
[WhiteElo "3079"]
[BlackElo "2898"]
[TimeControl "180+1"]
[EndTime "14:39:38 PST"]
[Termination "Grischuk won by resignation"]

1. d4 Nf6 2. c4 g6 3. g3 Bg7 4. Bg2 d5 5. Nf3 O-O 6. O-O Nc6 7. Na3 dxc4 8. Nxc4 Be6 9. b3 Bd5 10. Bb2 a5 11.
Rc1 Re8 12. e3 h6 13. a3 Ne4 14.
Qe2 e6 15. Rfd1 Qe7 16. Nfd2 Nxd2 17. Nxd2 Bxg2 18. Kxg2 Rad8 19. Qb5 Rb8 20. Nc4 Qg5 21. Qxg5 hxg5 22. h3 Bf8 23. Nd2 Rbd8 24. a4 Rd7 25. Bc3 f6 26. Nc4 b6 27. Rd2 Bb4 28. Rdc2 Bxc3 29.
Rxc3 Nb4 30. Nb2 Ree7 31. Rc4 Na2 32. Rd1 Nb4 33. Nd3 Nxd3 34. Rxd3 e5 35. d5 e4 36. Rdd4 f5 37. Rc6 Kf7 38. g4 Re5 39. Rdc4 Rexd5 40. Rxc7 Rd6 41. Rxd7+ Rxd7 42. Rc6 Rb7 43. Kg3 Kg7 44.
h4 gxh4+ 45. Kxh4 fxg4 46. Kxg4 Rf7 47. Kg3 Rf3+ 48. Kg2 Rf6 49. Rc7+ Kh6 50. Re7 Rc6 51. Rxe4 Rc3 52. b4 Ra3 53. b5 Kg5 54. Kg3 Kf5 55.
Rd4 Ra1 56. f4 Rg1+ 57. Kf2 Rf1+ 58. Kxf1 1-0

[Event "Late-Titled-Tuesday-Blitz-February-20-2024"]
[Site "Chess.com"]
[Date "2024.02.20"]
[Round "4"]
[White "sakkikuska"]
[Black "chegueps"]
[Result "0-1"]
[WhiteElo "2514"]
[BlackElo "2667"]
[TimeControl "180+1"]
[EndTime "14:39:39 PST"]
[Termination "chegueps won by checkmate"]

1. e4 c6 2. d4 d5 3. Nc3 dxe4 4. Nxe4 Nf6 5. Nxf6+ exf6 6. c3 Bd6 7. Bd3 O-O 8. Ne2 Re8 9. O-O Nd7 10. Bf4 Nf8 11.
Bxd6 Qxd6 12. Ng3 g6 13. Ne4 Qd8 14. Re1 Ne6 15. Bc4 Kg7 16. Bxe6 Bxe6 17. Nc5 b6 18. Nxe6+ Rxe6 19. Qf3 Qd7 20. Rad1 Rae8 21. Rxe6 fxe6 22.
b3 Qd5 23. Qxd5 cxd5 24. Kf1 Rc8 25. Rc1 b5 26. Ke2 Kf7 27. f4 h6 28. a3 g5 29.
g3 Kg6 30. Kf3 a5 31. b4 axb4 32. axb4 Ra8 33. Re1 Kf7 34. fxg5 hxg5 35. h4 Ra3 36.
Re3 gxh4 37. gxh4 Ra1 38. Kg4 Rg1+ 39. Kf4 Rh1 40. Kg4 Rc1 41. Kf4 Rf1+ 42. Kg4 f5+ 43. Kg5 Rg1+ 44. Kf4 Rg4+ 45. Kf3 Rxh4 46. Kg3 Rg4+ 47.
Kf3 Kf6 48. Re1 Rh4 49. Kg3 Re4 50. Rh1 Re3+ 51. Kf4 Rxc3 52. Rh6+ Ke7 53. Rh7+ Kd6 54. Rb7 Rc4 55. Rxb5 Rxd4+ 56. Ke3 Re4+ 57. Kd3 Ke5 58.
Rb6 f4 59. Rb8 f3 60. Rf8 Rxb4 61. Ke3 Rb3+ 62. Kf2 Ke4 63. Re8 e5 64. Ra8 d4 65.
Rh8 Rb2+ 66. Kg3 Rg2+ 67. Kh3 Ke3 68. Rf8 e4 69. Ra8 d3 70. Ra1 Rg8 71. Re1+ Kd4 72.
Ra1 d2 73. Ra4+ Ke3 74. Ra3+ Ke2 75. Ra4 e3 76. Ra1 f2 77. Ra2 f1=Q+ 78. Kh4 Qh1# 0-1

[Event "Late-Titled-Tuesday-Blitz-February-20-2024"]
[Site "Chess.com"]
[Date "2024.02.20"]
[Round "4"]
[White "komogro"]
[Black "Chessdude1987"]
[Result "0-1"]
[WhiteElo "2492"]
[BlackElo "2366"]
[TimeControl "180+1"]
[EndTime "14:39:39 PST"]
[Termination "Chessdude1987 won on time"]

1. Nf3 e6 2. d4 f5 3. c4 Nf6 4.
Nc3 Bb4 5. Qc2 c5 6. Bd2 cxd4 7.
Nxd4 Nc6 8. Nb3 Be7 9. g3 O-O 10. Bg2 b6 11. O-O Bb7 12. Rfd1 Nb4 13. Qb1 Bxg2 14.
Kxg2 Qc8 15. Bg5 Qxc4 16. Kg1 d5 17. Nd4 Qc8 18. a3 Nc6 19. Ncb5 Nxd4 20. Nxd4 Qd7 21.
Bxf6 Bxf6 22. Qd3 Rac8 23. Rac1 g6 24. e3 Rc5 25. b4 Rxc1 26. Rxc1 Rc8 27. Rxc8+ Qxc8 28. Qb5 Bxd4 29. exd4 Kf7 30. h4 Ke7 31. Qe2 Qc4 32.
Qe5 Kf7 33. Kg2 a5 34. bxa5 bxa5 35. Qh8 h5 36. Qh7+ Kf6 37. Qh6 Kf7 38. Qh7+ Kf6 39. Qg8 Ke7 40. Qxg6 Qxd4 41. Qxh5 Qe4+ 42. Kg1 Qe1+ 43.
Kg2 Qe4+ 44. Kh2 d4 45. Qh7+ Kd6 46. Qa7 d3 47. Qb6+ Ke7 48. h5 Qe2 49. Qc7+ Kf6 50. Qd8+ Ke5 51. Qh8+ Ke4 52. h6 Qxf2+ 53. Kh3 Qa2 54.
h7 d2 55. Qd8 Qb2 0-1